 Dungeon Sprint DCSS version 0.27-a0-1071-ga85bd9520d (webtiles) character file.

Game seed: 7317572595876247373

29386 mhtbhm the Sorcerer (level 13, -9/60 (65) HPs)
             Began as a Deep Elf Fire Elementalist on Apr 24, 2021.
             Was the Champion of Vehumet.
             Killed from afar by a shadow dragon (42 damage)
             ... with a bolt of negative energy
             ... in the Dungeon (Sprint V: "Ziggurat Sprint").
             The game lasted 00:07:52 (1376 turns).

mhtbhm the Sorcerer (Deep Elf Fire Elementalist)    Turns: 1376, Time: 00:07:53

HP:   -9/60 (65)    AC: 12    Str:  8    XL:     13   Next: 14%
MP:   10/43         EV: 17    Int: 37    God:    Vehumet [******]
Gold: 0             SH:  5    Dex: 15    Spells: 23/60 levels left

rFire    + + +     SeeInvis +   C - +8 lance "Wyrmbane" {slay drac, rPois rF+ rC+ AC+3}
rCold    x . .     Faith    .   (no shield)
rNeg     . . .     Spirit   .   a - +0 robe of Thoughtfulness {Str+3 Int+2}
rPois    +         Reflect  +   y - +1 helmet {Int+3}
rElec    +         Harm     .   (no cloak)
rCorr    .         Rampage  +   E - -2 pair of gloves "Niggygos" {Rampage rElec rC- SInv}
Will     ++...     NoTele   +   x - +1 pair of boots of the Invisible Artisans {rF+++}
Stlth    +++.......             v - amulet of Muop {Reflect rElec Will+ SH+5}
HPRegen  0.20/turn              D - ring "Nuism" {rC- AC+4 Int+6 SInv}
MPRegen  0.28/turn              u - ring of the Fool {Wiz rElec}

@: drained
A: no striking features
a: Renounce Religion


You were in the Dungeon.
You worshipped Vehumet.
Vehumet was exalted by your worship.
You visited 1 branch

Inventory:

Hand Weapons
 C - the +8 lance "Wyrmbane" (weapon) {slay drac, rPois rF+ rC+ AC+3}
   (You found it in the Dungeon)

   It affects your AC (+3).
   It protects you from fire.
   It protects you from cold.
   It protects you from poison.
Armour
 a - the +0 robe of Thoughtfulness (worn) {Str+3 Int+2}
   (You found it in the Dungeon)

   It affects your strength (+3).
   It affects your intelligence (+2).
 x - the +1 pair of boots of the Invisible Artisans (worn) {rF+++}
   (You found it in the Dungeon)

   It renders you almost immune to fire.
 y - a +1 helmet of intelligence (worn)
 E - the -2 pair of gloves "Niggygos" (worn) {Rampage rElec rC- SInv}
   (You found it in the Dungeon)

   It makes you vulnerable to cold.
   It insulates you from electricity.
   It lets you see invisible.
   It bestows one free step when moving towards enemies.
Jewellery
 u - the ring of the Fool (right hand) {Wiz rElec}
   (You took it off an orc in the Dungeon)

   [ring of wizardry]

   It improves your spell success rate.
   It insulates you from electricity.
 v - the amulet of Muop (around neck) {Reflect rElec Will+ SH+5}
   (You found it in the Dungeon)

   [amulet of reflection]

   It reflects blocked missile attacks.
   It insulates you from electricity.
   It affects your SH (+5).
   It increases your willpower.
 D - the ring "Nuism" (left hand) {rC- AC+4 Int+6 SInv}
   (You found it in the Dungeon)

   [ring of protection]

   It affects your AC (+4).
   It affects your intelligence (+6).
   It makes you vulnerable to cold.
   It lets you see invisible.
 I - a ring of protection from fire
Wands
 r - a wand of mindburst (7)
 t - a wand of acid (6)
Scrolls
 h - 3 scrolls of blinking
 m - 4 scrolls of amnesia
 n - 7 scrolls of fog
 o - a scroll of holy word
 p - 5 scrolls of identify
 q - 2 scrolls of fear
 F - 2 scrolls of brand weapon
 G - 4 scrolls of enchant armour
Potions
 b - 2 potions of brilliance
 c - 10 potions of curing
 d - 9 potions of heal wounds
 e - 10 potions of haste
 f - 7 potions of magic
 g - 3 potions of berserk rage
 i - 2 potions of invisibility
 j - 4 potions of resistance
 k - a potion of experience
 l - 6 potions of might
Miscellaneous
 s - a piece from Xom's chessboard (15/15)
 w - a condenser vane
 z - a phantom mirror
 A - a box of beasts
 B - a lightning rod (4/4)
 H - a tin of tremorstones (2/2)


   Skills:
 + Level 1.3 Fighting
 + Level 2.7 Polearms
 + Level 9.6 Dodging
 - Level 6.0 Stealth
 + Level 24.1 Spellcasting
 + Level 10.1 Conjurations
 + Level 1.9 Summonings
 + Level 21.3 Fire Magic
 * Level 12.4 Earth Magic
 + Level 9.5 Evocations


You had 23 spell levels left.
You knew the following spells:

 Your Spells              Type           Power      Damage    Failure   Level
a - Foxfire               Conj/Fire      100%       2x1d9     0%          1
b - Conjure Flame         Conj/Fire      100%       6-21      0%          3
c - Inner Flame           Hex/Fire       89%        N/A       0%          3
d - Sticky Flame          Conj/Fire      100%       2d11      0%          4
e - Summon Lightning Spi  Summ/Air       51%        N/A       1%          4
f - Fireball              Conj/Fire      51%        3d20      0%          5
g - Ignition              Fire           58%        3d16      1%          8
h - Shatter               Erth           47%        3d36*     30%         9

Your spell library contained the following spells:

 Spells                   Type           Power      Damage    Failure   Level
 Airstrike                Air            22%        N/A       1%          4
 Magic Dart               Conj           100%       1d8       0%          1
 Sandblast                Erth           100%       2d20      0%          1
 Searing Ray              Conj           100%       3d7       0%          2
 Apportation              Tloc           88%        N/A       1%          1
 Beastly Appendage        Tmut           88%        N/A       1%          1
 Corona                   Hex            48%        N/A       1%          1
 Shock                    Conj/Air       100%       1d9       1%          1
 Summon Small Mammal      Summ           100%       N/A       1%          1
 Call Imp                 Summ           56%        N/A       1%          2
 Corpse Rot               Necr/Air       N/A        N/A       1%          2
 Passwall                 Tmut/Erth      61%        N/A       1%          2
 Poisonous Vapours        Pois/Air       88%        N/A       1%          2
 Static Discharge         Conj/Air       70%        N/A       1%          2
 Call Canine Familiar     Summ           56%        N/A       1%          3
 Dazzling Flash           Conj/Hex       100%       N/A       1%          3
 Gell's Gravitas          Tloc           22%        N/A       1%          3
 Ignite Poison            Fire/Tmut/Pois 77%        N/A       1%          3
 Lesser Beckoning         Tloc           22%        N/A       1%          3
 Mephitic Cloud           Conj/Pois/Air  62%        N/A       1%          3
 Portal Projectile        Hex/Tloc       88%        N/A       1%          3
 Summon Guardian Golem    Hex/Summ       51%        N/A       1%          3
 Tukima's Dance           Hex            44%        N/A       1%          3
 Cause Fear               Hex            22%        N/A       1%          4
 Fulminant Prism          Conj/Hex       35%        3d18      1%          4
 Iskenderun's Mystic Bla  Conj/Tloc      70%        2d14      1%          4
 Leda's Liquefaction      Hex/Erth       37%        N/A       1%          4
 Passage of Golubria      Tloc           N/A        N/A       1%          4
 Summon Ice Beast         Ice/Summ       51%        N/A       1%          4
 Bolt of Magma            Conj/Fire/Erth 50%        4d20      1%          5
 Iskenderun's Battlesphe  Conj           88%        2d14      1%          5
 Lightning Bolt           Conj/Air       35%        1d53      1%          5
 Yara's Violent Unravell  Hex/Tmut       22%        3d10      1%          5
 Conjure Ball Lightning   Conj/Air       35%        3x3d11    1%          6
 Iron Shot                Conj/Erth      45%        9d9       1%          6
 Orb of Destruction       Conj           44%        9d14      1%          7
 Freezing Cloud           Conj/Ice/Air   31%        6-21      2%          6
 Summon Mana Viper        Hex/Summ       51%        N/A       4%          5
 Spellforged Servitor     Conj/Summ      36%        N/A       4%          7
 Alistair's Intoxication  Tmut/Pois      29%        N/A       6%          5
 Manifold Assault         Tloc           44%        N/A       6%          5
 Silence                  Hex/Air        22%        N/A       6%          5
 Eringya's Noxious Bog    Tmut/Pois      22%        N/A       9%          6
 Dispersal                Tloc           22%        N/A       30%         6
 Invisibility             Hex            44%        N/A       30%         6
 Dragon Form              Tmut           22%        N/A       83%         7
 Discord                  Hex            22%        N/A       100%        8
 Disjunction              Tloc           22%        N/A       100%        8
 Dragon's Call            Summ           28%        N/A       100%        9
 Tornado                  Air            22%        N/A       100%        9


Dungeon Overview and Level Annotations

Branches:
Dungeon (1/1)

Altars:
Ashenzari
Cheibriados
Dithmenos
Elyvilon
Fedhas
Gozag
Hepliaklqana
Kikubaaqudgha
Makhleb
Nemelex Xobeh
Okawaru
Qazlal
Ru
Sif Muna
Trog
Uskayaw
Vehumet
Wu Jian
Xom
Yredelemnul
Zin
The Shining One
Beogh
Jiyva
Lugonu


Message History

The fireball engulfs the soul eater!!
You kill the soul eater!
Vehumet accepts your kill.
You feel your power returning.
The fireball engulfs the soul eater!!
You kill the soul eater!
Vehumet accepts your kill.
You feel your power returning.
The shadow dragon breathes negative energy at you.
The bolt of negative energy hits you!!
You feel drained.
* * * LOW HITPOINT WARNING * * *
Your life force feels restored.
Your Spellcasting skill increases to level 24!
Unknown command.
Unknown command.
You feel much better.
A shadow dragon comes into view.
Wyrmbane glows as a worthy foe approaches.
Unknown command.
Casting: Ignition (dangerous; 1% risk of failure)
Confirm with . or Enter, or press ? or * to list all spells.
Casting: Ignition (dangerous; 1% risk of failure)
Press: ? - help, Dir - look around, f - activate The air bursts into flame!
The fireball engulfs the shadow dragon!!
The shadow dragon is severely wounded.
The fireball engulfs the shadow dragon!!
The shadow dragon is heavily wounded.
Unknown command.
Casting: Ignition (dangerous; 1% risk of failure)
Confirm with . or Enter, or press ? or * to list all spells.
Casting: Ignition (dangerous; 1% risk of failure)
Press: ? - help, Dir - look around, f - activate The air bursts into flame!
The fireball engulfs the shadow dragon!
The shadow dragon is almost dead.
The fireball engulfs the shadow dragon!!
The shadow dragon is severely wounded.
The shadow dragon breathes negative energy at you.
The bolt of negative energy hits you!!!
You feel drained.
Ouch! That really hurt!
You die...

▓.)=).▓.).
▓..))))}:|..▓▓.....▓...
▓...........▓▓.....▓...
▓.....D.....▓▓.....▓...
▓...........▓▓.....▓...
▓.....D.....▓▓..©..▓..©
..▓.....▓..▓▓▓▓▓▓▓▓▓▓▓
▓.▓...▓.▓ ▓..8©8...▓.
▓..▓..@..▓..▓...)=...▓.
▓.....©.....▓...))...▓.
▓▓▓▓▓▓▓▓▓▓▓▓▓........▓.
▓....8©8....▓........▓.
▓..|)}[[})..▓.▓....▓.▓.
▓...[..)})..▓...©....▓.
▓...........▓▓▓▓▓▓▓▓▓▓▓
▓......†....▓...8©8...▓
▓......†....▓..)|))...▓


You could see 2 shadow dragons.

Vanquished Creatures
  A tentacled monstrosity (D)
  An Orb Guardian (D)
  A quicksilver dragon (D)
  A ghoul (D)
  A green draconian (D)
  3 white draconians (D)
  2 purple draconians (D)
  A yellow draconian (D)
  A hydra (D)
  A naga warrior (D)
  A vampire mage (D)
  4 soul eaters (D)
  A large abomination (D)
  4 necromancers (D)
  A naga mage (D)
  A moth of wrath (D)
  A black mamba (D)
  4 guardian serpents (D)
  3 cane toads (D)
  4 rime drakes (D)
  A hellion (D)
  2 hornets (D)
  A blink frog (D)
  A ynoxinul (D)
  8 spriggans (D)
  A wyvern (D)
  3 fire elementals (D)
  A small abomination (D)
  2 steam dragons (D)
  A vampire (D)
  A yak (D)
  A naga (D)
  2 water moccasins (D)
  A swamp drake (D)
  3 orc warriors (D)
  4 black bears (D)
  A necrophage (D)
  3 wolves (D)
  2 bullfrogs (D)
  A crimson imp (D)
  5 orc priests (D)
  4 iron imps (D)
  4 orc wizards (D)
  2 mummies (D)
  A shadow imp (D)
  A white imp (D)
  3 orcs (D)
  A bat skeleton (D)
  2 bat zombies (D)
  2 ball pythons (D)
  3 ball python skeletons (D)
  2 ball python zombies (D)
  A giant cockroach zombie (D)
  A jackal zombie (D)
  A quokka skeleton (D)
  A quokka zombie (D)
  A spectral ball python (D)
  A spectral jackal (D)
113 creatures vanquished.

Vanquished Creatures (collateral kills)
  A mummy (D)
1 creature vanquished.

Vanquished Creatures (others)
  2 foxfires (D)
2 creatures vanquished.

Grand Total: 116 creatures vanquished

Notes
Turn   | Place    | Note
-------+----------+-------------------------------------------
     0 | D        | mhtbhm the Deep Elf Fire Elementalist began the quest for
                  | the Orb.
     0 | D        | Reached XP level 1. HP: 10/10 MP: 6/6
     0 | D        | Found a shimmering blue altar of Sif Muna.
     0 | D        | Found a bloodstained altar of Trog.
     0 | D        | Found a sacrificial altar of Ru.
     0 | D        | Found a stormy altar of Qazlal.
     0 | D        | Found an iron altar of Okawaru.
     1 | D        | Found a sparkling altar of Nemelex Xobeh.
     1 | D        | Found a blossoming altar of Fedhas.
     2 | D        | Found the +6 Majin-Bo {vamp, MP+6 Int+6}
     2 | D        | Found the +9 heavy crossbow "Sniper" {vorpal, Acc+∞ SInv}
     2 | D        | Found the +10 dark maul {vorpal}
     2 | D        | Found the +15 Maxwell's patent armour {-Cast -Tele rElec
                  | Will+ rCorr}
     2 | D        | Found the +18 shield of the Gong {rElec rN+ Will+ EV-5}
     2 | D        | Found the +14 obsidian axe {vorpal, Drain Fly SInv}
     2 | D        | Found the +7 great mace "Firestarter" {inner flame, rF++}
     2 | D        | Found the +6 shillelagh "Devastator" {shatter}
     2 | D        | Found the +11 plutonium sword {Contam Stlth-}
     2 | D        | Found the +8 lance "Wyrmbane" {slay drac, rPois rF+ rC+
                  | AC+3}
     2 | D        | Found the +9 sword of Zonguldrok {reap}
     2 | D        | Found the +13 scythe of Curses {drain, Drain}
     2 | D        | Found the +5 sword of Power {vorpal}
     2 | D        | Found the +7 mace of Variability {chain chaos}
     2 | D        | Found the +7 Singing Sword {vorpal, sonic wave}
     2 | D        | Found the +8 storm bow {elec, penet}
     3 | D        | Found a transporter.
     3 | D        | Found an ancient bone altar of Kikubaaqudgha.
     3 | D        | Found a viscous altar of Jiyva.
     3 | D        | Found a corrupted altar of Lugonu.
     3 | D        | Found a hazy altar of Hepliaklqana.
     3 | D        | Found a burning altar of Makhleb.
     3 | D        | Found an opulent altar of Gozag.
    33 | D        | Became a worshipper of Vehumet
    65 | D        | Entered arena 2.
    65 | D        | Noticed an iron imp
    65 | D        | Found a transporter.
    68 | D        | Killed an iron imp
    68 | D        | Reached * piety under Vehumet
    68 | D        | Offered knowledge of Sandblast by Vehumet.
    69 | D        | Reached skill level 4 in Spellcasting
    69 | D        | Reached XP level 2. HP: 15/15 MP: 6/9
    69 | D        | Reached XP level 3. HP: 19/19 MP: 7/11
    77 | D        | Entered arena 3.
    77 | D        | Noticed a fire elemental
    77 | D        | Noticed a fire elemental
    77 | D        | Noticed a fire elemental
    77 | D        | Found a transporter.
    79 | D        | Killed a fire elemental
    80 | D        | Reached skill level 5 in Dodging
    80 | D        | Reached skill level 6 in Spellcasting
    80 | D        | Reached XP level 4. HP: 24/24 MP: 8/14
    80 | D        | Reached XP level 5. HP: 28/28 MP: 9/16
    82 | D        | Killed a fire elemental
    82 | D        | Killed a fire elemental
    83 | D        | Reached skill level 5 in Stealth
    83 | D        | Reached skill level 9 in Spellcasting
    83 | D        | Reached XP level 6. HP: 32/32 MP: 15/20
    87 | D        | Learned a level 3 spell: Conjure Flame
    91 | D        | Learned a level 3 spell: Inner Flame
    96 | D        | Learned a level 4 spell: Sticky Flame
   101 | D        | Learned a level 4 spell: Summon Lightning Spire
   108 | D        | Entered arena 4.
   108 | D        | Found a transporter.
   111 | D        | Reached ** piety under Vehumet
   214 | D        | Learned a level 5 spell: Fireball
   215 | D        | Entered arena 5.
   215 | D        | Found a transporter.
   215 | D        | Identified the ring of the Fool {Wiz rElec}
   216 | D        | Reached *** piety under Vehumet
   217 | D        | Reached XP level 7. HP: 36/36 MP: 20/22
   240 | D        | Entered arena 6.
   240 | D        | Found a transporter.
   242 | D        | Offered knowledge of Poisonous Vapours by Vehumet.
   242 | D        | Reached **** piety under Vehumet
   385 | D        | Got the Almanac of Noxious Lightness
   388 | D        | Got the Compendium of Moulding and Clay
   424 | D        | Entered arena 7.
   425 | D        | Offered knowledge of Searing Ray by Vehumet.
   425 | D        | Reached ***** piety under Vehumet
   426 | D        | Reached skill level 10 in Spellcasting
   429 | D        | Reached skill level 1 in Summonings
   429 | D        | Reached XP level 8. HP: 41/41 MP: 9/24
   505 | D        | Found a transporter.
   514 | D        | Got the Incunabulum of Gliding Stones
   517 | D        | Got Mopuclo's Handbook of Torrid Bewitchment
   529 | D        | Entered arena 8.
   529 | D        | Noticed a rime drake
   529 | D        | Noticed a rime drake
   529 | D        | Noticed a rime drake
   531 | D        | Killed a rime drake
   531 | D        | Killed a rime drake
   532 | D        | Reached skill level 12 in Spellcasting
   532 | D        | Reached skill level 5 in Conjurations
   532 | D        | Reached skill level 5 in Evocations
   532 | D        | Reached ****** piety under Vehumet
   533 | D        | Killed a rime drake
   534 | D        | Reached skill level 13 in Spellcasting
   534 | D        | Reached skill level 15 in Fire Magic
   534 | D        | Reached XP level 9. HP: 30/45 MP: 12/28
   534 | D        | Found a transporter.
   542 | D        | Got the amulet of Muop {Reflect rElec Will+ SH+5}
   579 | D        | Learned a level 8 spell: Ignition
   628 | D        | Entered arena 9.
   628 | D        | Noticed a spriggan rider
   628 | D        | Noticed a spriggan rider
   629 | D        | Offered knowledge of Dazzling Flash by Vehumet.
   629 | D        | Killed a spriggan rider
   630 | D        | Reached skill level 14 in Spellcasting
   631 | D        | Reached skill level 15 in Spellcasting
   631 | D        | Reached XP level 10. HP: 50/50 MP: 21/31
   631 | D        | Found a transporter.
   675 | D        | Entered arena 10.
   675 | D        | Identified the ring of Jodipu {rF+ rC+ Dex+5}
   746 | D        | Found a transporter.
   752 | D        | Got the -2 pair of gloves "Niggygos" {Rampage rElec rC-
                  | SInv}
   758 | D        | Got the ring of Paymyl {rElec rN+}
   791 | D        | Learned a level 9 spell: Shatter
   794 | D        | Entered arena 11.
   794 | D        | Noticed a large abomination
   795 | D        | Identified the +6 trident "Foyrewom" {antimagic, Int+2
                  | SInv}
   795 | D        | Offered knowledge of Iskenderun's Battlesphere by Vehumet.
   796 | D        | Reached skill level 16 in Spellcasting
   799 | D        | Killed a large abomination
   803 | D        | Found a transporter.
   963 | D        | Entered arena 12.
   963 | D        | Noticed a naga warrior
   963 | D        | Noticed a guardian serpent
   963 | D        | Noticed a black mamba
   963 | D        | Noticed a naga mage
   964 | D        | Offered knowledge of Olgreb's Toxic Radiance by Vehumet.
   964 | D        | Killed a black mamba
   964 | D        | Killed a guardian serpent
   964 | D        | Killed a guardian serpent
   965 | D        | Reached skill level 17 in Spellcasting
   965 | D        | Killed a naga mage
   965 | D        | Noticed a guardian serpent
   966 | D        | Noticed a guardian serpent
   967 | D        | Killed a guardian serpent
   967 | D        | Killed a guardian serpent
   967 | D        | Killed a naga warrior
   968 | D        | Reached skill level 1 in Polearms
   968 | D        | Reached skill level 18 in Spellcasting
   968 | D        | Reached skill level 5 in Earth Magic
   968 | D        | Reached XP level 11. HP: 52/55 MP: 14/35
   975 | D        | Found a transporter.
  1055 | D        | Entered arena 13.
  1055 | D        | Noticed a white draconian
  1055 | D        | Noticed a white draconian
  1055 | D        | Noticed a white draconian
  1055 | D        | Noticed a purple draconian
  1055 | D        | Noticed a purple draconian
  1055 | D        | Noticed a green draconian
  1055 | D        | Noticed a quicksilver dragon
  1055 | D        | Noticed an Orb Guardian
  1056 | D        | Killed a quicksilver dragon
  1056 | D        | Killed a purple draconian
  1056 | D        | Noticed a yellow draconian
  1056 | D        | Noticed a tentacled monstrosity
  1057 | D        | Reached skill level 19 in Spellcasting
  1058 | D        | Killed a white draconian
  1058 | D        | Killed a white draconian
  1058 | D        | Killed a yellow draconian
  1058 | D        | Killed a purple draconian
  1058 | D        | Killed an Orb Guardian
  1059 | D        | Reached skill level 1 in Fighting
  1059 | D        | Reached skill level 21 in Spellcasting
  1059 | D        | Reached XP level 12. HP: 60/61 MP: 36/39
  1060 | D        | Killed a green draconian
  1060 | D        | Killed a white draconian
  1061 | D        | Reached skill level 22 in Spellcasting
  1061 | D        | Reached skill level 10 in Earth Magic
  1063 | D        | Killed a tentacled monstrosity
  1115 | D        | Found a transporter.
  1190 | D        | Entered arena 14.
  1191 | D        | Noticed a seven-headed hydra
  1192 | D        | Found the +3 pair of seven-league boots {Rampage+∞}
  1192 | D        | Offered knowledge of Airstrike by Vehumet.
  1194 | D        | Killed a seven-headed hydra
  1195 | D        | Reached skill level 23 in Spellcasting
  1238 | D        | Found a transporter.
  1251 | D        | Got the ring "Nuism" {rC- AC+4 Int+6 SInv}
  1270 | D        | Got the +1 pair of boots of the Invisible Artisans {rF+++}
  1301 | D        | Entered arena 15.
  1303 | D        | Found a transporter.
  1303 | D        | Noticed a vampire mage
  1303 | D        | Noticed a ghoul
  1304 | D        | Found the +8 Vampire's Tooth {vamp}
  1304 | D        | Killed a vampire mage
  1306 | D        | Killed a ghoul
  1307 | D        | Reached skill level 10 in Conjurations
  1307 | D        | Reached XP level 13. HP: 65/65 MP: 25/42
  1331 | D        | Got the +0 robe of Thoughtfulness {Str+3 Int+2}
  1368 | D        | Entered arena 16.
  1370 | D        | Noticed a shadow dragon
  1374 | D        | Reached skill level 24 in Spellcasting
  1374 | D        | Noticed a shadow dragon
  1376 | D        | Killed from afar by a shadow dragon

Illustrated notes

Levels and vault maps discovered:
D:        sprint_v [room_start, room_1, room_2, room_3, room_4, room_5, room_6,
          room_7, room_8, room_9, room_10, room_11, room_12, room_13, room_14,
          room_15, room_16, room_17, room_18, room_19, room_20, room_21,
          room_22, room_23, room_24, room_25, room_26, room_27]

Skill      XL: |  1  2  3  4  5  6  7  8  9 10 11 12 13 |
---------------+----------------------------------------+-----
Fire Magic     | 6 9 11 12 13 15 16 18 19 21 | 21.3
Dodging        | 3 5 6 7 8 9 |  9.6
Stealth        | 3 4 5 6 |  6.0
Spellcasting   | 4 6 9 10 13 15 18 21 23 24 | 24.1
Evocations     | 2 3 4 6 7 8 9 |  9.5
Conjurations   | 2 3 5 7 9 10 | 10.1
Summonings     | 1 |  1.9
Earth Magic    | 5 9 12 | 12.4
Polearms       | 1 2 |  2.7
Fighting       | 1 |  1.3

Action                   |  1- 3 |  4- 6 |  7- 9 | 10-12 | 13-15 || total
-------------------------+-------+-------+-------+-------+-------++-------
Melee: Lance             |       |       |       |     1 |       ||     1
 Cast: Fireball          |       |     1 |    10 |     4 |       ||    15
       Summon Lightning  |       |     1 |       |     2 |       ||     3
       Conjure Flame     |       |     1 |       |       |       ||     1
       Foxfire           |       |     1 |       |       |       ||     1
       Ignition          |       |       |     2 |    17 |     6 ||    25
Evoke: Lightning rod     |     2 |       |       |     4 |       ||     6
       Wand              |     3 |     3 |       |     2 |       ||     8
       Condenser vane    |       |       |     1 |     2 |       ||     3
  Use: Scroll            |       |     1 |       |       |       ||     1
       Potion            |       |       |       |       |     1 ||     1
Armor: Steam dragon scal |       |       |       |     1 |       ||     1
Dodge: Dodged            |       |       |     1 |     2 |       ||     3

Table legend: (Time is in decaauts)
 A = Elapsed time spent in this place.
 B = Non-inter-level travel time spent in this place.
 C = Inter-level travel time spent in this place.
 D = Time resting spent in this place.
 E = Time spent auto-exploring this place.
 F = Levels seen in this place.
 G = Mean time per level.
                   A        B        C        D        E       F      G
               +--------+--------+--------+--------+--------+-----+--------+
         Total |   1371 |   1371 |      0 |    719 |     50 |   1 | 1371.0 |
       Dungeon |   1371 |   1371 |      0 |    719 |     50 |   1 | 1371.0 |
               +--------+--------+--------+--------+--------+-----+--------+

Top non-repeatable levels by time:
       D: 1371 daAuts
